 Dungeon Crawl Stone Soup version 0.23-a0-612-gcb482e9 (console) character file.

40 Duffy the Chopper (level 3, -1/32 HPs)
             Began as a Deep Dwarf Gladiator on Dec 21, 2018.
             Shot with a stone by a goblin (3 damage)
             ... on level 2 of the Dungeon.
             The game lasted 00:00:44 (411 turns).

Duffy the Chopper (Deep Dwarf Gladiator)             Turns: 411, Time: 00:00:45

Health: -1/32      AC:  4    Str: 18    XL:     3   Next: 30%
Magic:  3/3        EV: 13    Int:  8    God:
Gold:   70         SH:  0    Dex: 14    Spells: 2/2 levels left

rFire    . . .     SeeInvis .   a - +0 war axe
rCold    . . .     Gourm    .   (no shield)
rNeg     . . .     Faith    .   b - +0 leather armour
rPois    .         Spirit   .   c - +0 helmet
rElec    .         Reflect  .   (no cloak)
rCorr    .         Harm     .   (no gloves)
MR       +....                  (no boots)
Stlth    +.........             (no amulet)
HPRegen  0.00/turn              g - ring of protection from magic
MPRegen  0.08/turn              (no ring)

@: non-regenerating
A: damage resistance, heal wounds, sense surroundings 1, no regeneration
a: Heal Wounds


You were on level 2 of the Dungeon.
You were not hungry.

You visited 1 branch of the dungeon, and saw 2 of its levels.

You collected 70 gold pieces.

Inventory:

Hand Weapons
 a - a +0 war axe (weapon)
Missiles
 d - 3 throwing nets (quivered)
Armour
 b - a +0 leather armour (worn)
 c - a +0 helmet (worn)
Jewellery
 g - a ring of protection from magic (left hand)
Scrolls
 i - a scroll of immolation {unknown}
Potions
 e - a potion of lignification {unknown}
 j - a potion of might {unknown}
Comestibles
 f - 5 rations
 h - 6 chunks of flesh


   Skills:
 - Level 1.7 Fighting
 + Level 4.9 Axes
 - Level 1.7 Throwing
 - Level 3.2 Dodging


You had 2 spell levels left.
You didn't know any spells.
Your spell library was empty.

Dungeon Overview and Level Annotations

Branches:
Dungeon (2/15)

Altars:


Innate Abilities, Weirdness & Mutations

You are resistant to damage.
You can heal yourself by infusing magical energy.
You passively map a small area around you.
You do not regenerate.


Message History

You are too injured to fight recklessly!
You are too injured to fight recklessly!
You are too injured to fight recklessly!
You are too injured to fight recklessly!
You are too injured to fight recklessly!
You slash the worm!
The worm is moderately wounded.
You slash the giant cockroach!
You kill the giant cockroach!
You slash the dart slug! You closely miss the kobold.
A quokka comes into view.
The dart slug bites you. The kobold barely misses you.
The goblin shoots a stone.
The stone completely misses you.
You hit the worm.
The worm is heavily wounded.
You slash the dart slug!
You kill the dart slug!
You barely miss the kobold. The kobold barely misses you. The worm bites you.
The goblin shoots a stone.
The stone hits you.
You die...

**, , * , , , ,
, #. , ..... #.#
*,, ,, ..<..##.#
* * ,, ,
.....#.r#### , ,
, ,,........g..
, ......#.w.##
#.
........K@%#.w..
, ,
,........(....#
, , ,
#...........## *
#...........#
%....g.....##
#.....#.?.##
...######## , ..
* * * * , , # *


You could see a worm, a quokka, a hobgoblin, a goblin and a kobold.

Vanquished Creatures
  An ooze (D:1)
  4 dart slugs
  A giant cockroach (D:2)
  5 goblins (D:1)
  4 hobgoblins
  6 bats (D:1)
  3 kobolds (D:1)
  4 rats (D:1)
28 creatures vanquished.

Notes
Turn   | Place    | Note
-------+----------+-------------------------------------------
     0 | D:1      | Duffy the Deep Dwarf Gladiator began the quest for the Orb.
     0 | D:1      | Reached XP level 1. HP: 19/19 MP: 1/1
   109 | D:1      | Reached skill level 4 in Axes
   109 | D:1      | Reached XP level 2. HP: 26/26 MP: 2/2
   257 | D:1      | Reached XP level 3. HP: 29/32 MP: 3/3
   411 | D:2      | Shot with a stone by a goblin

Vault maps used:
D:1:      lemuel_arrival_funnel
D:2:      kennysheep_generic_room_14

Skill      XL: |  1 |
---------------+----+-----
Axes           | 4 |  4.9
Fighting       | |  1.7
Throwing       | |  1.7
Dodging        | |  3.2

Action                   || total
-------------------------++-------
Melee: War axe           ||    51
Armor: Leather armour    ||    19
Dodge: Dodged            ||    55

Table legend:
 A = Non-vault XP
 B = Vault XP
 C = Vault XP percentage of total XP
 D = Non-vault monster count
 E = Vault monster count
 F = Vault count percentage of total count
                 A         B        C        D         E       F
            +---------+---------+-------+---------+---------+-------
      Total |      58 |       0 |   0.0 |      28 |       0 |   0.0
            +---------+---------+-------+---------+---------+-------
        D:1 |      50 |       0 |   0.0 |      25 |       0 |   0.0
        D:2 |       8 |       0 |   0.0 |       3 |       0 |   0.0
            +---------+---------+-------+---------+---------+-------
